[Event "*** Titled Tuesday Blitz"]
[Site "Chess.com"]
[Date "2020.12.01"]
[Round "9"]
[White "GM_dmitrij"]
[Black "Durarbayli"]
[Result "0-1"]
[WhiteElo "2936"]
[BlackElo "2762"]
[TimeControl "180+1"]
[EndTime "11:45:58 PST"]
[Termination "Durarbayli won on time"]

1. c4 c6 2. d4 d5 3. cxd5 cxd5 4. Bg5 f6 5. Bd2 Nc6 6. Nc3 Nxd4 7. e3 Nc6 8. Qh5+ g6 9. Qxd5 Qxd5 10. Nxd5 Kf7 11.
Nc7 Rb8 12. Bc4+ e6 13. Nb5 a6 14. Nc3 b5 15. Bb3 Bb7 16. Nf3 Na5 17. Bc2 Nc4 18.
Bc1 Bb4 19. Ke2 Ne7 20. a4 Bxc3 21. bxc3 Nd5 22. Bd2 Rhc8 23. axb5 axb5 24. Rhc1 Nxd2 25. Kxd2 Nxc3 26. Bxg6+ hxg6 27. Rxc3 Rxc3 28. Kxc3 b4+ 29. Kb2 e5 30. Ne1 Ke6 31. Ra7 Kd6 32. g3 Kc5 33. Nc2 Kb5 34. h4 Be4 35. Rd7 Rc8 36. Na1 Rc3 37. Rd6 Kc5 38. Rd2 Kc4 39. Rd8 Rd3 40. Rc8+ Kb5 41. Nb3 Bd5 42. Rb8+ Kc4 43. Rc8+ Kb5 44. Rb8+ Kc4 45. Na5+ Kc5 46. Kc2 Rc3+ 47.
Kd2 Ra3 48. Nb7+ Bxb7 49. Rxb7 Ra2+ 50. Kd3 Rxf2 51. g4 Rg2 52. Rc7+ Kb5 53. Rf7 Rxg4 54.
Rxf6 Rxh4 55. Rxg6 Rh1 56. Re6 Rd1+ 57. Kc2 Rd5 58.
e4 Rc5+ 59. Kb3 Ka5 60. Re8 Rc3+ 61. Kb2 Re3 62. Rxe5+ Ka4 63. Rd5 Re2+ 64. Kb1 Ka3 65. Rd1 Rxe4 66. Rf1 Re3 67. Ka1 Kb3 68. Kb1 Kc3 69.
Rc1+ Kb3 70. Rh1 Rd3 71. Rg1 Rc3 72. Rh1 Ka3 73. Rg1 Rb3+ 74. Ka1 Rb2 75. Rg3+ Rb3 76.
Rxb3+ Kxb3 77. Kb1 Ka3 78. Ka1 b3 0-1

[Event "*** Titled Tuesday Blitz"]
[Site "Chess.com"]
[Date "2020.12.01"]
[Round "9"]
[White "cukin84"]
[Black "A-S-00"]
[Result "0-1"]
[WhiteElo "2168"]
[BlackElo "2297"]
[TimeControl "180+1"]
[EndTime "11:45:59 PST"]
[Termination "A-S-00 won on time"]

1. e4 c5 2. Nc3 e6 3. f4 Nc6 4. Nf3 Nge7 5. d3 g6 6. g3 Bg7 7. Bg2 O-O 8. O-O d5 9. Kh1 Rb8 10. Qe1 b5 11. e5 Nf5 12. Nd1 c4 13. d4 Nfxd4 14. Nxd4 Nxd4 15. Qf2 Nc6 16. c3 a5 17. Be3 b4 18. h3 bxc3 19. bxc3 f6 20. Bc5 Re8 21. Ne3 fxe5 22. fxe5 Nxe5 23. Ng4 Nxg4 24. Qf7+ Kh8 25. hxg4 Rb7 26. Qf2 e5 27. Rad1 Be6 28. Qc2 Rd7 29. Qa4 e4 30. Qa3 Bxg4 31. Rd2 Qg5 32. Rdf2 Qh5+ 33. Kg1 Bf5 34. Qa4 Rdd8 35.
Bb6 Rb8 36. Bd4 Bxd4 37. cxd4 e3 38. Rf4 e2 39. Re1 Qg5 40. Kf2 Qf6 41. Bf3 g5 42. Rxf5 Qxf5 43. Qc6 Rbc8 44. Qd6 Rcd8 45. Qc5 Qf6 46. Kg2 h6 47. Rxe2 Rxe2+ 48. Bxe2 Re8 49. Bf3 Qe6 50. Qc7 Qe7 51. Qc5 Kg7 52. Qxd5 Rd8 53. Qf5 Qf7 54. Qe4 Qf6 55. Qb7+ Kg8 56. d5 Re8 57. d6 c3 58. d7 Rd8 59. Qd5+ Kf8 60. Qc5+ Kg8 61. Bg4 Kh8 62. Kh3 Kg8 63. Qc4+ Kh8 64. Qc5 Qf1+ 65. Kh2 Qf6 66. Qc4 Kh7 67. Qe4+ Kg7 68. Qe8 Qf2+ 69. Kh3 Qf6 70. Qe4 Qd6 71. Qe8 Qf6 72. Qe4 a4 73. Qe8 c2 74.
Bh5 c1=Q 75. Qe4 Qcf1+ 76. Kg4 Qe1 77. Qxe1 Rxd7 78. Kh3 Rd4 79. Qe8 Rd6 80. Bg4 Qf1+ 0-1

[Event "*** Titled Tuesday Blitz"]
[Site "Chess.com"]
[Date "2020.12.01"]
[Round "9"]
[White "biostatistician"]
[Black "SergeiAza"]
[Result "1/2-1/2"]
[WhiteElo "2604"]
[BlackElo "2826"]
[TimeControl "180+1"]
[EndTime "11:46:06 PST"]
[Termination "Game drawn by repetition"]

1. d4 f5 2. Bg5 g6 3. Nd2 d5 4. Ngf3 Bg7 5. e3 Nd7 6. c4 c6 7.
cxd5 cxd5 8. Bd3 Ngf6 9. O-O O-O 10. Rc1 Nh5 11. Qb3 Ndf6 12. Ne5 h6 13. Bh4 g5 14.
Bg3 Nxg3 15. hxg3 e6 16. Rc2 Ne4 17. Rfc1 Qb6 18. Qxb6 axb6 19. a3 Bxe5 20. dxe5 Nxd2 21. Rxd2 Bd7 22. Rc3 Rfc8 23. Rdc2 Rxc3 24. Rxc3 b5 25. Rb3 Ra5 26. Kf1 Bc6 27. Ke2 Kf7 28. f3 h5 29.
Kd2 Ke7 30. Kc3 Kd7 31. Kb4 Ra4+ 32. Kc3 Ra5 33. Kd4 Kc7 34. Rb4 Kb6 35. Kc3 Ra8 36. Kd2 Kc5 37. Rb3 Rh8 38. Rc3+ Kb6 39. Rc1 h4 40. Rh1 Rg8 41. gxh4 gxh4 42. Bf1 d4 43. exd4 Rd8 44. Ke3 f4+ 45. Kxf4 Rxd4+ 46. Ke3 Rd1 47. Kf2 Rb1 48. b4 Rb2+ 49. Kg1 Ra2 50.
Rxh4 Rxa3 51. Kf2 Ra2+ 52. Ke3 Rb2 53. g4 Bd5 54. g5 Rb3+ 55. Kf2 Rxf3+ 56. Ke2 Rg3 57. Bh3 Rxg5 58. Ke3 Rxe5+ 59. Kd4 Re1 60. Rh6 Rd1+ 61. Ke5 Re1+ 62. Kd6 Rh1 63. Rh7 Bg2 64.
Bf5 Rd1+ 65. Kxe6 Bd5+ 66. Ke5 Bc6 67. Rh4 Rd5+ 68. Kf6 Rd2 69. Rf4 Re2 70. Kg5 Re1 71. Kf6 Rc1 72. Rd4 Rc4 73. Ke5 Rc3 74. Bg4 Rc1 75.
Bf5 Re1+ 76. Kd6 Rc1 77. Be6 Re1 78. Bf7 Rf1 79. Be6 Rf6 80. Ke5 Rh6 81. Kd6 Rh2 82. Ke5 Re2+ 83. Kd6 Rc2 84. Bf7 Rc1 85. Be6 Rc2 86.
Bf7 Rc1 87. Be6 1/2-1/2

[Event "*** Titled Tuesday Blitz"]
[Site "Chess.com"]
[Date "2020.12.01"]
[Round "9"]
[White "PavelShkapenko"]
[Black "Piotrek1979"]
[Result "1-0"]
[WhiteElo "2697"]
[BlackElo "2498"]
[TimeControl "180+1"]
[EndTime "11:46:16 PST"]
[Termination "PavelShkapenko won on time"]

1. e4 c5 2. c3 e6 3. d4 d5 4. exd5 exd5 5. Nf3 Nc6 6. g3 Bd6 7. dxc5 Bxc5 8. Bg2 Nge7 9. O-O O-O 10. Nbd2 Bg4 11. Nb3 Bb6 12. Re1 Qd7 13. Be3 Bxe3 14. Rxe3 Rad8 15.
Qd2 Qd6 16. Nbd4 a6 17. Rae1 Ng6 18. Nxc6 bxc6 19. Qd4 Bc8 20. b4 a5 21. a3 Bd7 22.
Ne5 Nxe5 23. Rxe5 axb4 24. axb4 Ra8 25. Bxd5 Kh8 26. Bc4 Qxd4 27. cxd4 Bh3 28. Rh5 Bg4 29. Rhe5 Rab8 30. b5 cxb5 31. Rxb5 Rbd8 32. d5 Bf3 33. Re3 Bg4 34. Kg2 Rd6 35. Rc5 Bd7 36. Re7 Kg8 37. Bb3 Rd8 38. Kf3 Kf8 39. Re3 h5 40. h4 g6 41. Rc7 Rf6+ 42. Ke2 Bg4+ 43. Ke1 Rb6 44. f3 Bf5 45. d6 Rxb3 46. Rxb3 Rxd6 47. Re3 Be6 48.
Rcc3 Rb6 49. Red3 Ke7 50. Rd2 Rb4 51. Kf2 Kf6 52. Re3 Ra4 53. Rde2 Ra1 54. Re4 Ra6 55. Re1 Ra5 56. Rb4 Ra6 57. Re2 Ra3 58. Reb2 Bd5 59.
Rb6+ Kg7 60. f4 Rf3+ 61. Ke2 Rxg3 62. f5 gxf5 63. Rd2 Be6 64. Kf2 Rg4 65. Rbd6 Rxh4 66. R6d4 Rg4 67. Kf3 Kf6 68. Rxg4 fxg4+ 69. Kf4 Kg6 70.
Rd8 h4 71. Rg8+ Kh7 72. Rg5 h3 73. Rh5+ Kg6 74. Rh4 Kf6 75. Rh6+ Ke7 76. Rh7 Kd6 77. Rh5 f5 78. Rh8 Kd5 79. Rd8+ Kc4 80. Rh8 Kd3 81.
Re8 Kd2 82. Rxe6 h2 83. Rh6 Ke2 84. Rxh2+ Kf1 85. Rb2 1-0

[Event "*** Titled Tuesday Blitz"]
[Site "Chess.com"]
[Date "2020.12.01"]
[Round "9"]
[White "coco_crc"]
[Black "Praslov"]
[Result "1-0"]
[WhiteElo "2196"]
[BlackElo "2394"]
[TimeControl "180+1"]
[EndTime "11:46:16 PST"]
[Termination "coco_crc won on time"]

1. e4 c6 2. d4 d5 3. exd5 cxd5 4. c4 Nf6 5. Nc3 Nc6 6. Nf3 Bg4 7. cxd5 Nxd5 8.
Qb3 Bxf3 9. gxf3 e6 10. Qxb7 Nxd4 11. Bb5+ Nxb5 12. Qc6+ Ke7 13. Qxb5 Qd7 14. Bg5+ f6 15. Nxd5+ Qxd5 16. Qxd5 exd5 17. Be3 Ke6 18. O-O-O Bb4 19. a3 Ba5 20. b4 Bb6 21. Rhe1 Bxe3+ 22. Rxe3+ Kd6 23.
Red3 Rhc8+ 24. Kb2 Rc7 25. Rxd5+ Ke6 26. Rd6+ Ke7 27.
R6d5 Rac8 28. Re1+ Kf7 29. Re2 g5 30. Red2 Ke6 31.
Rd6+ Kf5 32. R2d5+ Kg6 33. Rd2 Rc3 34. R6d3 R3c4 35.
Rd4 Rc3 36. R4d3 R3c4 37. Rd7 a5 38. bxa5 Rb8+ 39. Ka2 Rc3 40. Rb2 Ra8 41. f4 Rxa5 42. fxg5 Rcxa3+ 43. Kb1 Rxg5 44. Rbb7 h5 45. Rg7+ Kf5 46.
Rb5+ Kg4 47. Rgxg5+ fxg5 48. Kc1 Ra1+ 49. Kd2 Ra2+ 50.
Ke1 Kh4 51. Kf1 g4 52. Kg2 Ra3 53. Rc5 Rf3 54. Rb5 Rf6 55. Rc5 Re6 56. Ra5 Rb6 57. Rc5 Rb3 58. Ra5 Rc3 59. Rb5 Rc7 60. Ra5 Rg7 61. Rb5 Rg5 62. Rb3 Rf5 63. Rc3 Kg5 64.
Rc8 Re5 65. Rg8+ Kf4 66. Rf8+ Rf5 67. Ra8 h4 68. Ra4+ Kg5 69. Ra3 h3+ 70. Kg3 Rd5 71. Rb3 Kf5 72. Ra3 Kg5 73. Rb3 Re5 74. Rb4 Rf5 75.
Rxg4+ Kh5 76. Rh4+ Kg5 77. Rxh3 Rc5 78. Kg2 Rc2 79.
Rg3+ Kf4 80. Rf3+ Kg4 81. Ra3 Kg5 82. Kg3 Rc1 83. Ra5+ Kf6 84. Ra3 1-0

[Event "*** Titled Tuesday Blitz"]
[Site "Chess.com"]
[Date "2020.12.01"]
[Round "9"]
[White "ambaixador"]
[Black "chessdjw"]
[Result "0-1"]
[WhiteElo "2458"]
[BlackElo "2651"]
[TimeControl "180+1"]
[EndTime "11:46:30 PST"]
[Termination "chessdjw won by checkmate"]

1. Nf3 c5 2. c4 Nf6 3. g3 d5 4. cxd5 Nxd5 5. Bg2 Nc6 6. O-O e5 7. Nc3 Be6 8. d3 Be7 9. Bd2 O-O 10. Rc1 Rc8 11. Qa4 Qd7 12. Nxd5 Bxd5 13. Nxe5 Qe6 14. Bxd5 Qxd5 15. Nxc6 Rxc6 16. Bc3 h5 17. Qc4 Qd7 18. Rfd1 h4 19. d4 Qg4 20. Qd3 c4 21. Qf3 Qxf3 22.
exf3 Rd8 23. d5 Rc7 24. Rd4 h3 25. Rcd1 Rcd7 26. f4 b5 27. a3 Bc5 28. R4d2 Re8 29. Kf1 Bb6 30. Re2 Red8 31. Red2 a5 32. d6 Rb8 33.
Rd5 Bd8 34. Ke2 b4 35. axb4 axb4 36. Bd4 g6 37. Kf3 f5 38. g4 fxg4+ 39. Kxg4 Kf7 40. Kxh3 Ke6 41. Be5 c3 42. bxc3 b3 43. c4 b2 44. Rb1 Bf6 45. Rxb2 Rxb2 46. Bxb2 Bxb2 47. Kg4 Ba3 48. f5+ gxf5+ 49. Rxf5 Rxd6 50. c5 Rd4+ 51.
f4 Rc4 52. h4 Bxc5 53. h5 Bd6 54. h6 Rc1 55. Rh5 Rg1+ 56. Kf3 Rg8 57. Ke4 Be7 58. h7 Rh8 59. Rh6+ Bf6 60. f5+ Kf7 61. Kf4 Bg7 62.
Rh5 Ra8 63. Kg5 Bf6+ 64. Kg4 Ra4+ 65. Kf3 Bh8 66. Ke2 Kf6 67. Kf3 Rb4 68. Ke2 Rc4 69.
Kf3 Rd4 70. Ke2 Re4+ 71. Kf3 Re8 72. Kg4 Bg7 73. Kf3 Rc8 74. Kg4 Kf7 75. Rg5 Rc4+ 76. Kh5 Bf6 77. Rg4 Rc3 78. Rg8 Rh3+ 79. Kg4 Rh4+ 80.
Kf3 Rxh7 81. Ra8 Rh3+ 82. Ke4 Rh4+ 83. Kd5 Rd4+ 84. Kc6 Rd3 85. Ra6 Kg7 86. Kb7 Be7 87. Ra5 Kf6 88. Ka6 Bd6 89. Rb5 Be5 90. Kb7 Kxf5 91.
Rb6 Bd6 92. Rb5+ Ke6 93. Ka6 Rc3 94. Rh5 Kd7 95. Rh4 Kc6 96. Rh8 Ra3# 0-1

[Event "*** Titled Tuesday Blitz"]
[Site "Chess.com"]
[Date "2020.12.01"]
[Round "9"]
[White "igorkovalenko"]
[Black "ChessWarrior7197"]
[Result "1-0"]
[WhiteElo "2802"]
[BlackElo "2960"]
[TimeControl "180+1"]
[EndTime "11:47:20 PST"]
[Termination "igorkovalenko won by resignation"]

1. d4 d5 2. Nf3 Nf6 3. c4 e6 4. Nc3 Be7 5. Bf4 O-O 6. e3 c5 7.
dxc5 Bxc5 8. Qc2 Nc6 9. Rd1 Qa5 10. Be2 Ne4 11. cxd5 exd5 12. O-O Nxc3 13. bxc3 Be7 14. Nd4 Bf6 15. Qb3 Ne5 16. Qb4 Qxb4 17. cxb4 Bd7 18. Nb3 Be6 19. Nc5 Rfc8 20. Rc1 a5 21. b5 b6 22. Nxe6 fxe6 23. Bxe5 Bxe5 24. Rc6 Rxc6 25. bxc6 Kf7 26. a4 Bd6 27. g3 Bc5 28. Kg2 Ke7 29. Bb5 Kd6 30. Rd1 Rf8 31. Rd2 e5 32. e4 d4 33. h4 Bb4 34. Rd3 Rc8 35. f4 Bc3 36. Kf3 h5 37. f5 Rh8 38.
g4 Be1 39. g5 Bxh4 40. g6 Bg5 41. Kg2 h4 42. Kh3 Rc8 43. Kg4 Bf6 44. Rd2 h3 45. Kxh3 Rh8+ 46. Kg3 Rh4 47. Re2 Kc7 48. Kf2 Rh3 49.
Kg2 Rb3 50. Kf1 Bg5 51. Rg2 Bf6 52. Ke2 Re3+ 53. Kd2 Rxe4 54. Rh2 Rf4 55. Rh8 e4 56. Rf8 Rf2+ 57. Kd1 d3 58. Rf7+ Kd6 59. c7 Rc2 60. Rxf6+ gxf6 61. g7 e3 62. Bxd3 Rd2+ 63. Ke1 Rxd3 64.
g8=Q Kxc7 65. Qe6 Rd6 66. Qe7+ Kc6 67. Qxe3 Kd5 68. Qf3+ Ke5 69. Ke2 Rd4 70. Qc3 Kd5 71. Qb3+ Ke5 72. Qb5+ Rd5 73. Qxb6 Kxf5 74. Ke3 Re5+ 75.
Kf3 Kg6 76. Qb1+ Kg7 77. Kf4 Rg5 78. Qb7+ Kg6 79. Qe4+ Kf7 80. Qh7+ Kf8 81. Qc7 Re5 82.
Qd7 Kg8 83. Qd8+ Kg7 84. Qc8 Kf7 85. Qh8 Rg5 86. Qh6 Re5 87. Qh7+ Ke6 88. Qg8+ Ke7 89. Qg7+ Ke6 90. Qf8 Rg5 91. Qe8+ Kd6 92. Qf7 Rd5 93.
Qxf6+ Kc5 94. Qe7+ Kc4 95. Ke4 Rd4+ 96. Ke5 Rd5+ 97. Ke6 Kd4 98. Qa3 Re5+ 99. Kd6 Rd5+ 100. Kc6 Re5 101. Qb2+ Ke4 102. Qc3 Rg5 103. Qc4+ Ke3 104.
Kd6 Rf5 105. Ke6 Rh5 106. Kf6 Kf3 107. Qd4 Kg3 108. Kg6 Rh4 109. Qe3+ Kg2 110. Kg5 Rxa4 111. Qd2+ Kg3 112. Qc3+ Kh2 113. Qc2+ Kg3 114. Qxa4 Kf2 115. Qxa5 Ke3 116. Qc3+ 1-0

[Event "*** Titled Tuesday Blitz"]
[Site "Chess.com"]
[Date "2020.12.01"]
[Round "9"]
[White "Bodnar_Mykola"]
[Black "GameOverBro"]
[Result "0-1"]
[WhiteElo "2390"]
[BlackElo "2527"]
[TimeControl "180+1"]
[EndTime "11:47:24 PST"]
[Termination "GameOverBro won by resignation"]

1. e4 d6 2. d4 Nf6 3. Nc3 e5 4. Nf3 Nbd7 5. Bc4 Be7 6. O-O c6 7. a4 Qc7 8. h3 h6 9. a5 Nf8 10.
Be3 Ng6 11. Re1 O-O 12. Bb3 Kh7 13. Qd2 Nh5 14. Bc4 Nhf4 15. Bf1 Be6 16. Kh2 Rad8 17. g3 Nh5 18. Bg2 b5 19. axb6 axb6 20. d5 cxd5 21. exd5 Bd7 22. Ra6 Rb8 23. Rea1 f5 24. Qe2 f4 25. Bd2 fxg3+ 26. fxg3 b5 27. Nxe5 Nxg3 28. Qd3 Bf5 29. Qxg3 Nxe5 30. Ra7 Rb7 31. Nxb5 Qb6 32. Rxb7 Qxb7 33. Ra7 Qxb5 34. Rxe7 Bg6 35. Bc3 Qe2 36.
Bxe5 dxe5 37. Qxe5 Qxe5+ 38. Rxe5 Bxc2 39. Re2 Ba4 40.
d6 Rd8 41. Rd2 Kg6 42. h4 Kf6 43. Bh3 Ke5 44. d7 Kf6 45. Kg3 Ke7 46. Kf4 g5+ 47. hxg5 hxg5+ 48. Kxg5 Bxd7 49. Re2+ Kd6 50. Rd2+ Kc7 51.
Bxd7 Rxd7 52. Rc2+ Kb6 53. Kf4 Kb5 54. Ke4 Kb4 55.
Rc8 Rb7 56. Rc3 Rd7 57. Ke3 Rd8 58. Ke2 Rd7 59. Rc8 Rb7 60. Kd2 Kb3 61. Kc1 Rb6 62. Rc3+ Kb4 63. Kc2 Rf6 64. Rh3 Kb5 65. Rh5+ Kb6 66.
Kb3 Rc6 67. Kb4 Re6 68. Rb5+ Ka6 69. Rd5 Kb6 70. b3 Ka6 71. Ka4 Kb6 72. Rb5+ Ka6 73.
Rh5 Kb6 74. b4 Ka6 75. Rh8 Kb6 76. Rb8+ Ka7 77. Rd8 Re7 78. Ka5 Rh7 79. Rd5 Kb7 80.
Rg5 Ka7 81. Rf5 Rg7 82. Kb5 Re7 83. Kc6 Rh7 84. b5 Rh6+ 85. Kc5 Rh7 86. Rf6 Kb7 87. Rb6+ Kc7 88. Rf6 Rh5+ 89. Kb4 Rh1 90. Rf7+ Kb8 91. Rf6 Kb7 92. Rf7+ Kb8 93. Kc5 Rh6 94. Rf5 Rg6 95.
Rd5 Rh6 96. Rd6 Rh2 97. Kb6 Rh8 98. Rf6 Ka8 99. Ka6 Rb8 100. Rf7 Re8 101. Ra7+ Kb8 102. Rb7+ Ka8 103. Rg7 Kb8 104. b6 Ka8 105. Rc7 Kb8 106. Rc5 Re1 107. Ra5 Re6 108. Ra2 Rf6 109. Rg2 Rf8 110. Rg7 Rd8 111. Rh7 Re8 112. Rh6 Rc8 113. Rc6 Rxc6 114. Kb5 Rh6 115. Ka6 Rg6 116. Kb5 Kb7 117. Kc5 Rc6+ 118. Kd5 Rxb6 119. Kd4 Rc6 120. Ke4 Kb6 121. Ke5 Kc5 122. Kf5 Rd6 123. Kf4 Rd5 124. Kf3 Rd4 125. Ke3 Kd5 126. Ke2 Ke4 127. Kf2 0-1

[Event "*** Titled Tuesday Blitz"]
[Site "Chess.com"]
[Date "2020.12.01"]
[Round "10"]
[White "parintele_chess"]
[Black "Sacbutt"]
[Result "1-0"]
[WhiteElo "2196"]
[BlackElo "2241"]
[TimeControl "180+1"]
[EndTime "11:48:50 PST"]
[Termination "parintele_chess won by resignation"]

1. c4 c5 2. g3 Nc6 3. Bg2 g6 4. Nc3 Bg7 5. a3 e5 6. b4 cxb4 7. axb4 Nxb4 8. Ba3 Nc6 9. Nb5 Nge7 10. Bd6 Nf5 11. Nc7+ 1-0

[Event "*** Titled Tuesday Blitz"]
[Site "Chess.com"]
[Date "2020.12.01"]
[Round "10"]
[White "RaneshRatnesan"]
[Black "ObidObad"]
[Result "1-0"]
[WhiteElo "2166"]
[BlackElo "2288"]
[TimeControl "180+1"]
[EndTime "11:50:24 PST"]
[Termination "RaneshRatnesan won by resignation"]

1. d4 e6 2. c4 Ne7 3. Nf3 Ng6 4.
h4 h5 5. Nc3 d5 6. Bg5 Be7 7.
e3 c6 8. Bd3 Nf8 9. Qc2 Nbd7 10. e4 dxc4 11. Bxc4 Nb6 12. Bb3 a5 13. a3 Qd6 14. e5 Qd8 15. Ne4 Nd5 16. Nd6+ Kd7 17. Nxf7 Bxa3 1-0

[Event "*** Titled Tuesday Blitz"]
[Site "Chess.com"]
[Date "2020.12.01"]
[Round "10"]
[White "emiliochess"]
[Black "Twannibal"]
[Result "0-1"]
[WhiteElo "2366"]
[BlackElo "2505"]
[TimeControl "180+1"]
[EndTime "11:50:29 PST"]
[Termination "Twannibal won by resignation"]

1. d4 Nf6 2. Bf4 d5 3. e3 c5 4.
c3 Nc6 5. Bd3 Qb6 6. Qb3 c4 7.
Qxb6 axb6 8. Bc2 b5 9. a3 b4 10. cxb4 Nxb4 11. Kd1 Nxc2 12. Kxc2 Ne4 13. Bg3 Bf5 14.
Kc1 e5 15. dxe5 Nc5 16. Ne2 Nb3+ 17. Kd1 Nxa1 18. Nd4 Bxb1 19. Kd2 Nb3+ 20. Nxb3 cxb3 21. Rxb1 Rc8 0-1

[Event "*** Titled Tuesday Blitz"]
[Site "Chess.com"]
[Date "2020.12.01"]
[Round "10"]
[White "Bodnar_Mykola"]
[Black "PriSachu"]
[Result "0-1"]
[WhiteElo "2385"]
[BlackElo "2526"]
[TimeControl "180+1"]
[EndTime "11:50:34 PST"]
[Termination "PriSachu won by resignation"]

1. e4 e5 2. Nf3 Nc6 3. Bb5 a6 4.
Ba4 Nf6 5. O-O Nxe4 6. Re1 Nc5 7.
Bxc6 dxc6 8. Nxe5 Be7 9. Qe2 Ne6 10. c3 O-O 11. d4 Re8 12. Qf3 f6 13. Nd3 Bd6 14. Nd2 Ng5 15. Qd1 Bf5 16. Rxe8+ Qxe8 17. Nf1 Qg6 18. Nf4 Bxf4 19. Bxf4 Nh3+ 20. Kh1 Nxf2+ 0-1

[Event "*** Titled Tuesday Blitz"]
[Site "Chess.com"]
[Date "2020.12.01"]
[Round "10"]
[White "Chessdreamer2020"]
[Black "Homino"]
[Result "1-0"]
[WhiteElo "2525"]
[BlackElo "2378"]
[TimeControl "180+1"]
[EndTime "11:50:56 PST"]
[Termination "Chessdreamer2020 won by resignation"]

1. e4 c5 2. Nf3 Nc6 3. Bb5 g6 4. O-O Bg7 5. c3 Nf6 6. Qa4 O-O 7. d4 cxd4 8. cxd4 a6 9. Nc3 Qb6 10. e5 Ne8 11. Be2 Nc7 12. Be3 Qb4 13. Qc2 d6 14. a3 Qa5 15. b4 1-0

[Event "*** Titled Tuesday Blitz"]
[Site "Chess.com"]
[Date "2020.12.01"]
[Round "10"]
[White "dosto07"]
[Black "Vandros57"]
[Result "1-0"]
[WhiteElo "2303"]
[BlackElo "2159"]
[TimeControl "180+1"]
[EndTime "11:50:58 PST"]
[Termination "dosto07 won by resignation"]

1. e4 c5 2. Nf3 e6 3. c3 d5 4. exd5 exd5 5. d4 Nc6 6. Bb5 Nf6 7. O-O Be7 8. dxc5 Bxc5 9. Re1+ Be6 10. Nbd2 O-O 11.
Nb3 Be7 12. Nbd4 Nxd4 13. Nxd4 Qb6 14. Bd3 Bg4 15. Qc2 Rfe8 16. Bg5 h6 17. Bh4 Rac8 18.
Nf5 Bxf5 19. Bxf5 d4 20. Bxc8 1-0

[Event "*** Titled Tuesday Blitz"]
[Site "Chess.com"]
[Date "2020.12.01"]
[Round "10"]
[White "zala02"]
[Black "NitaLucian"]
[Result "1-0"]
[WhiteElo "2186"]
[BlackElo "2292"]
[TimeControl "180+1"]
[EndTime "11:50:59 PST"]
[Termination "zala02 won by resignation"]

1. d4 d6 2. Nf3 Nd7 3. c4 e5 4. Nc3 Be7 5. g3 Ngf6 6. Bg2 O-O 7. O-O a6 8. Qc2 Rb8 9. Rd1 exd4 10.
Nxd4 Nc5 11. b4 Ne6 12. Nf5 Re8 13. Nxe7+ Qxe7 14. Bb2 b5 15. cxb5 axb5 16. a3 Bb7 17. Bxb7 Rxb7 18. Qd3 Reb8 19. Nd5 Nxd5 20. Qxd5 Rb6 21.
Rac1 c5 22. bxc5 dxc5 23. Qe5 b4 24. f4 Qc7 25. f5 Qxe5 26. Bxe5 bxa3 27. Bxb8 Nd4 28. Rxd4 Rxb8 29. Ra4 1-0

[Event "*** Titled Tuesday Blitz"]
[Site "Chess.com"]
[Date "2020.12.01"]
[Round "10"]
[White "woodhy"]
[Black "Sergienko_Sergey"]
[Result "0-1"]
[WhiteElo "2448"]
[BlackElo "2373"]
[TimeControl "180+1"]
[EndTime "11:51:00 PST"]
[Termination "Sergienko_Sergey won by resignation"]

1. e4 c5 2. Nf3 a6 3. c3 e6 4. d4 d5 5. exd5 exd5 6. Be3 c4 7. g3 Nf6 8. Bg2 Be7 9. O-O O-O 10. Re1 Nc6 11. Nbd2 Bf5 12. b3 b5 13. Ne5 Rc8 14. bxc4 bxc4 15. Ndxc4 Nxe5 16. dxe5 dxc4 17. e6 Bxe6 18. Bb7 Rb8 19. Bxa6 Qa5 20. Bf4 Qxa6 21. Bxb8 Rxb8 22. Rb1 Rd8 23. Qe2 h6 24. Red1 Rxd1+ 25. Rxd1 Bg4 26. Qxe7 Bxd1 27. Qd8+ Kh7 28. Qxd1 Qxa2 29.
Qd4 Qb1+ 30. Kg2 Qe4+ 31. Kf1 Qxd4 32. cxd4 Nd5 33. Ke2 f5 34. f4 Kg6 0-1

[Event "*** Titled Tuesday Blitz"]
[Site "Chess.com"]
[Date "2020.12.01"]
[Round "10"]
[White "GianmarcoVaR"]
[Black "Sanyura"]
[Result "0-1"]
[WhiteElo "2644"]
[BlackElo "2540"]
[TimeControl "180+1"]
[EndTime "11:51:09 PST"]
[Termination "Sanyura won by resignation"]

1. d4 Nf6 2. c4 g6 3. g3 Bg7 4. Bg2 O-O 5. Nc3 d6 6. Nf3 Nbd7 7. O-O e5 8. e4 exd4 9. Nxd4 Nc5 10. h3 Re8 11.
Re1 Bd7 12. Bf4 h6 13. Qd2 g5 14. Be3 Nfxe4 15. Nxe4 Nxe4 16. Qc2 Nc5 17. Nf5 Bxf5 18. Qxf5 Qf6 19. Qxf6 Bxf6 20. Bxc5 dxc5 21. Bxb7 Rxe1+ 22. Rxe1 Rb8 23. Bd5 Rxb2 24. Re3 Rxa2 25. Rb3 Kg7 26. Rb7 Bd4 27. Rxc7 Rxf2 28. Rd7 a5 29. Bc6 Rf6+ 30. Rxd4 cxd4 31. Ba4 d3 32. c5 d2 33. c6 Rxc6 0-1

[Event "*** Titled Tuesday Blitz"]
[Site "Chess.com"]
[Date "2020.12.01"]
[Round "10"]
[White "BogdanDeac"]
[Black "nubair1198"]
[Result "1-0"]
[WhiteElo "2968"]
[BlackElo "2839"]
[TimeControl "180+1"]
[EndTime "11:51:10 PST"]
[Termination "BogdanDeac won by resignation"]

1. Nf3 g6 2. e4 Bg7 3. d4 c6 4.
Nc3 d6 5. h3 Nf6 6. Bd3 O-O 7. O-O Nbd7 8. e5 Ne8 9. Re1 dxe5 10.
dxe5 Nc7 11. Qe2 Ne6 12. Bc4 Nb6 13. Bb3 a5 14. Be3 Qc7 15. Rad1 Bd7 16. Bxb6 Qxb6 17. Rxd7 Rfe8 18. Bxe6 fxe6 19. Qc4 c5 20. Ng5 Qa6 21. Qxe6+ Qxe6 22. Nxe6 Bh6 23. Red1 Rab8 24. Nc7 Bf4 25.
Nxe8 Rxe8 26. Rd8 Rxd8 27. Rxd8+ Kf7 28. Rb8 Bxe5 29. Rxb7 1-0

[Event "*** Titled Tuesday Blitz"]
[Site "Chess.com"]
[Date "2020.12.01"]
[Round "10"]
[White "Gogolev_Artemy"]
[Black "LamaChampetre"]
[Result "0-1"]
[WhiteElo "2393"]
[BlackElo "2240"]
[TimeControl "180+1"]
[EndTime "11:51:20 PST"]
[Termination "LamaChampetre won by resignation"]

1. e4 c5 2. Nf3 g6 3. c3 d5 4.
exd5 Qxd5 5. d4 Bg7 6. Na3 cxd4 7.
Nb5 Na6 8. Qa4 Bd7 9. Qxa6 Qe4+ 10. Kd2 bxa6 11. Nc7+ Kd8 12. Nxa8 dxc3+ 13. bxc3 Bh6+ 0-1

[Event "*** Titled Tuesday Blitz"]
[Site "Chess.com"]
[Date "2020.12.01"]
[Round "10"]
[White "Khnykin_Nikolay"]
[Black "HajduIstvanCM"]
[Result "1/2-1/2"]
[WhiteElo "2017"]
[BlackElo "1756"]
[TimeControl "180+1"]
[EndTime "11:51:22 PST"]
[Termination "Game drawn by agreement"]

1. e4 Nc6 2. Nf3 e5 3. Bc4 Nf6 4. O-O Be7 5. Re1 O-O 6. Nc3 d6 7. d3 h6 8. h3 Be6 9. Bxe6 fxe6 10.
b3 Qe8 11. Nb5 Rc8 12. d4 a6 13. Nc3 exd4 14. Nxd4 Nxd4 15. Qxd4 e5 16. Qc4+ Qf7 17. Qxf7+ Rxf7 18. Be3 Bf8 19. Rad1 Rd7 20. Ne2 Nxe4 1/2-1/2

[Event "*** Titled Tuesday Blitz"]
[Site "Chess.com"]
[Date "2020.12.01"]
[Round "10"]
[White "alexsuper1987"]
[Black "zverr1"]
[Result "0-1"]
[WhiteElo "2341"]
[BlackElo "2486"]
[TimeControl "180+1"]
[EndTime "11:51:24 PST"]
[Termination "zverr1 won by resignation"]

1. e4 e6 2. d4 d5 3. Nc3 Nf6 4. Bg5 Bb4 5. e5 h6 6. Be3 Ne4 7. Qg4 g6 8. a3 Bxc3+ 9. bxc3 Nxc3 10. Bd3 h5 11. Qf4 b6 12. a4 Ba6 13. Bxa6 Nxa6 14.
Ra3 Ne4 15. c3 Qe7 16. Rb3 c5 17. dxc5 Naxc5 18. Bxc5 Nxc5 0-1

[Event "*** Titled Tuesday Blitz"]
[Site "Chess.com"]
[Date "2020.12.01"]
[Round "10"]
[White "anon481216"]
[Black "Srisshhhtea"]
[Result "1/2-1/2"]
[WhiteElo "2409"]
[BlackElo "2273"]
[TimeControl "180+1"]
[EndTime "11:51:24 PST"]
[Termination "Game drawn by repetition"]

1. d4 e6 2. e4 d5 3. Nc3 Bb4 4. exd5 exd5 5. Bd3 Nc6 6. Ne2 Nge7 7. O-O Bf5 8. Bf4 Bxd3 9. Qxd3 O-O 10. a3 Bxc3 11. Nxc3 Ng6 12. Bg3 a6 13. Rfe1 Qd7 14. Re2 Rfe8 15.
Rae1 Rxe2 16. Rxe2 Re8 17. Rxe8+ Qxe8 18. Nxd5 Nxd4 19.
f3 Ne6 20. Nxc7 Nxc7 21. Bxc7 Qe1+ 22. Qf1 Qd2 23. Qd3 Qe1+ 24. Qf1 Qd2 25. Qd3 Qe1+ 1/2-1/2

[Event "*** Titled Tuesday Blitz"]
[Site "Chess.com"]
[Date "2020.12.01"]
[Round "10"]
[White "diamonds13"]
[Black "FontVella8"]
[Result "1-0"]
[WhiteElo "2347"]
[BlackElo "2473"]
[TimeControl "180+1"]
[EndTime "11:51:26 PST"]
[Termination "diamonds13 won by resignation"]

1. d4 Nf6 2. c4 e6 3. Nc3 Bb4 4. e3 O-O 5. Bd2 d6 6. a3 Bxc3 7. Bxc3 Re8 8. Bd3 b6 9. Ne2 Bb7 10. O-O Nbd7 11. f3 e5 12. d5 a5 13. b4 axb4 14.
axb4 e4 15. Rxa8 Qxa8 16. Bc2 Qa3 17. f4 Ra8 18. Qd4 Ne8 19. Ra1 Qxa1+ 20. Bxa1 Ndf6 21. h3 Ra2 22. Qc3 h6 23. Nc1 Ra8 24. g4 Bc8 25. g5 hxg5 26. fxg5 Nh5 27. Bxe4 Bxh3 28. Bf3 Bf5 29. Bxh5 1-0